 Dungeon Crawl Stone Soup version 0.23.2-11-gf996548c65 (webtiles) character file.

Game seed: 4449194599331329496

790 teukkam the Skirmisher (level 7, -1/63 HPs)
             Began as a Minotaur Fighter on June 6, 2019.
             Slain by an orc warrior
             ... wielding a +0 dire flail
              (12 damage)
             ... on level 8 of the Dungeon.
             The game lasted 00:04:07 (1353 turns).

teukkam the Skirmisher (Minotaur Fighter)           Turns: 1353, Time: 00:04:08

Health: -1/63      AC:  7    Str: 23    XL:     7   Next: 57%
Magic:  6/6        EV:  8    Int:  5    God:
Gold:   13         SH: 10    Dex:  9    Spells: 6/6 levels left

rFire    . . .     SeeInvis .   a - +0 war axe
rCold    . . .     Gourm    .   c - +0 shield
rNeg     . . .     Faith    .   b - +0 scale mail
rPois    .         Spirit   .   (helmet restricted)
rElec    .         Reflect  .   (no cloak)
rCorr    .         Harm     .   (no gloves)
MR       .....                  (no boots)
Stlth    ..........             (no amulet)
HPRegen  0.20/turn              i - ring of flight
MPRegen  0.10/turn              (no ring)

@: no status effects
A: retaliatory headbutt, horns 2
a: Evoke Flight


You were on level 8 of the Dungeon.
You were not hungry.

You visited 1 branch of the dungeon, and saw 7 of its levels.

You collected 13 gold pieces.

Inventory:

Hand Weapons
 a - a +0 war axe (weapon)
 k - a +4 dagger of freezing
 l - a +4 spear
Missiles
 d - 18 arrows
 g - 5 stones (quivered)
 o - 20 sling bullets
Armour
 b - a +0 scale mail (worn)
 c - a +0 shield (worn)
Jewellery
 i - a ring of flight (left hand)
Wands
 h - a wand of acid (2)
Scrolls
 e - a scroll of teleportation {unknown}
 j - a scroll of remove curse {unknown}
 n - a scroll of identify {unknown}
Potions
 m - a potion of haste {unknown}
 p - a potion of lignification {unknown}
Comestibles
 f - 8 rations


   Skills:
 + Level 6.2 Fighting
 + Level 1.0 Short Blades
 + Level 5.5 Axes
 + Level 6.2 Armour
 + Level 6.1 Shields


You had 6 spell levels left.
You didn't know any spells.
Your spell library was empty.

Dungeon Overview and Level Annotations

Branches:
Dungeon (8/15)
 Temple: D:4-7         Lair: D:8-11

Altars:

Shops:
D:8 :

Annotations:
D:3 Grinder
D:7 Dowan


Innate Abilities, Weirdness & Mutations

You reflexively headbutt those who attack you in melee.
You have a pair of horns on your head.


Message History

You block the orc warrior's attack. x2
You hit the orc warrior but do no damage.
The orc warrior hits you with a +0 dire flail!
You hit the orc warrior but do no damage.
The orc warrior hits you with a +0 dire flail!!
You slash the orc warrior! You headbutt the orc warrior!
The orc warrior is almost dead.
You block the orc warrior's attack.
You completely miss the orc warrior. Your headbutt misses the orc warrior.
The orc warrior is almost dead.
You block the orc warrior's attack.
The orc warrior hits you with a +0 dire flail!
You hit the orc warrior but do no damage.
The orc warrior is almost dead.
The orc warrior hits you with a +0 dire flail!
* * * LOW HITPOINT WARNING * * *
You barely miss the orc warrior.
The orc warrior is almost dead.
The orc warrior hits you with a +0 dire flail!
You die...

........)# # ......≈≈≈## ######
.....≈≈≈≈≈## #....# #≈≈∩...#
#....# #≈≈≈≈≈)#########..>.##
...##########≈≈≈..........'....'.
#................).....####....##
#.#############...........)......
.....'.@.......#########
######.o.....[.#.#####.#
....................
##.........##########
#.........'. ....... #.........##
####### #.#..#...## ..>..#.###
#######


You could see an orc warrior.

Vanquished Creatures
  An ice beast (D:6)
  2 ogres
  A bullfrog (D:8)
  A scorpion (D:6)
  6 wights
  3 jellies (D:8)
  An orc wizard (D:8)
  An adder (D:2)
  6 oozes
  A leopard gecko (D:7)
  2 orcs (D:8)
  2 giant cockroaches
  3 goblins
  2 hobgoblins (D:2)
  2 jackals (D:2)
  3 kobolds
  A bat (D:3)
  3 rats
41 creatures vanquished.

Notes
Turn   | Place    | Note
-------+----------+-------------------------------------------
     0 | D:1      | teukkam the Minotaur Fighter began the quest for the Orb.
     0 | D:1      | Reached XP level 1. HP: 19/19 MP: 0/0
   111 | D:2      | Reached XP level 2. HP: 27/27 MP: 1/1
   278 | D:3      | Noticed Grinder
   279 | D:3      | Reached XP level 3. HP: 33/33 MP: 2/2
   543 | D:4      | You fall through a shaft for 2 floors!
   543 | D:6      | Noticed an ogre
   544 | D:6      | Noticed an ice beast
   551 | D:6      | Noticed a scorpion
   554 | D:6      | Killed an ice beast
   554 | D:6      | Reached XP level 4. HP: 41/41 MP: 3/3
   554 | D:6      | Killed an ogre
   554 | D:6      | Reached XP level 5. HP: 47/47 MP: 4/4
   556 | D:6      | Reached skill level 5 in Fighting
   556 | D:6      | Reached skill level 5 in Armour
   556 | D:6      | Reached skill level 5 in Shields
   557 | D:6      | Reached XP level 6. HP: 49/56 MP: 5/5
   564 | D:6      | Noticed an orc warrior
   831 | D:7      | Reached skill level 5 in Axes
   831 | D:7      | Reached XP level 7. HP: 62/62 MP: 6/6
   968 | D:7      | Noticed Dowan
  1297 | D:8      | Found Okleneux's Book Shop.
  1318 | D:8      | Reached skill level 1 in Short Blades
  1353 | D:8      | Slain by an orc warrior

Skill      XL: |  1  2  3  4  5  6  7 |
---------------+----------------------+-----
Fighting       | 4 5 6 |  6.2
Armour         | 4 5 6 |  6.2
Shields        | 4 5 6 |  6.1
Axes           | 3 4 5 |  5.5
Short Blades   | 1 |  1.0

Action                   |  1- 3 |  4- 6 |  7- 9 || total
-------------------------+-------+-------+-------++-------
Melee: War axe           |    33 |    13 |    33 ||    79
       Headbutt          |     2 |     2 |     6 ||    10
Throw: Stone             |       |     4 |       ||     4
Evoke: Wand              |     1 |     5 |     3 ||     9
  Use: Potion            |     1 |     1 |       ||     2
       Scroll            |     1 |       |       ||     1
  Eat: Ration            |       |       |     1 ||     1
Armor: Scale mail        |    12 |     4 |     8 ||    24
Dodge: Dodged            |    11 |     7 |     7 ||    25
Block: Shield            |    15 |     9 |    13 ||    37
